[Event "Late-Titled-Tuesday-Blitz-June-25-2024"]
[Site "Chess.com"]
[Date "2024.06.25"]
[Round "3"]
[White "GAZZAN_3000"]
[Black "Artyom_ChessMate"]
[Result "0-1"]
[WhiteElo "2746"]
[BlackElo "2555"]
[TimeControl "180+1"]
[EndTime "14:28:48 PDT"]
[Termination "Artyom_ChessMate won by resignation"]

1. d4 d5 2. Nf3 Nf6 3. c4 e6 4.
Nc3 c5 5. cxd5 Nxd5 6. e4 Nxc3 7. bxc3 cxd4 8. cxd4 Bb4+ 9. Bd2 Bxd2+ 10. Qxd2 O-O 11. Bd3 Nc6 12. e5 Qa5 13. Qxa5 Nxa5 14. Ke2 Bd7 15.
Ke3 Rac8 16. Rhc1 Bc6 17. Be4 Rfd8 18. Bxc6 Nxc6 19. Rab1 Rd7 20. Rc4 Rcd8 21. Ra4 a6 22.
Rb6 Ne7 23. Rb2 Nd5+ 24. Kd3 Nf4+ 25. Ke4 Nd5 26. Rc2 h6 27. Rac4 g5 28. g3 Kg7 29. a3 Ne7 30. Rc7 Nc6 31. Rxd7 Rxd7 32.
Rc5 g4 33. Ne1 Rxd4+ 34. Ke3 Ra4 35. Nd3 Rxa3 36. Ke4 a5 37. Rb5 Ra4+ 38. Ke3 Nb4 39. Nf4 Ra3+ 40. Ke4 Ra1 41. Rxb7 Re1+ 42. Kd4 Nc6+ 43.
Kc5 Nxe5 44. Nxe6+ Kf6 45. Nf4 Rc1+ 46. Kd5 Rd1+ 47. Ke4 Re1+ 48. Kd5 Nf3 49. Rb6+ Kg7 50. Nh5+ Kf8 51. Rb8+ Ke7 52. Rb7+ Ke8 53. Nf6+ Kf8 54.
Nxg4 h5 55. Nf6 Re5+ 56. Kd6 Re6+ 57. Kd5 Rxf6 58. h4 Kg7 59. Ra7 Kg6 60. Ke4 Nd2+ 61. Kd3 Nb3 62. f4 Kf5 63. Ra8 Nc5+ 64. Ke3 Re6+ 65. Kf3 Ra6 66. Rg8 Ne6 67. Rh8 a4 68.
Rxh5+ Kf6 69. Rd5 a3 70. Rd1 a2 71. Ra1 Nd4+ 72. Kg4 Nb3 73. Rxa2 Rxa2 74. h5 Ra4 75. h6 Kg6 0-1

[Event "Late-Titled-Tuesday-Blitz-June-25-2024"]
[Site "Chess.com"]
[Date "2024.06.25"]
[Round "3"]
[White "canary2016"]
[Black "Sic_Transit_GM"]
[Result "1/2-1/2"]
[WhiteElo "2251"]
[BlackElo "2536"]
[TimeControl "180+1"]
[EndTime "14:28:49 PDT"]
[Termination "Game drawn by repetition"]

1. d4 d5 2. c4 e6 3. Nf3 Nf6 4. g3 dxc4 5. Bg2 Nc6 6. O-O Rb8 7. Na3 b5 8. Ne5 Nxe5 9. dxe5 Qxd1 10. Rxd1 Nd7 11.
Bc6 a6 12. Be3 Bxa3 13. bxa3 Ke7 14. Ba7 Nxe5 15. Bxb8 Nxc6 16. Bxc7 Bd7 17. Bd6+ Kf6 18. Rac1 Rc8 19. a4 Be8 20. axb5 axb5 21. Rb1 Ne5 22. Bxe5+ Kxe5 23. Rdc1 Ra8 24. Rb2 Bc6 25. Kf1 Ra3 26. Ke1 c3 27. Rb3 Rxb3 28. axb3 b4 29. Kd1 h5 30. Ra1 Bd5 31. Kc2 Be4+ 32. Kc1 Bd5 33.
Ra4 Bxb3 34. Rxb4 Bd5 35. Kc2 g6 36. Kxc3 f6 37. Kd3 Bc6 38. Rb6 Bd5 39. Rb5 Kd6 40. Kd4 g5 41. e4 Bc6 42. Rb8 e5+ 43. Ke3 Ke7 44. Rb6 Kd6 45. f4 exf4+ 46. gxf4 g4 47. Rb8 Ke7 48. Rh8 Be8 49. Kf2 Bg6 50. Ke3 Bf7 51.
f5 Kd6 52. Kf4 Ke7 53. e5 fxe5+ 54. Kxe5 Be8 55. Rh7+ Bf7 56. Kf4 Kf6 57. Rh6+ Kg7 58. Rb6 Be8 59. Kg5 Bf7 60. Rb7 Kf8 61. Kf6 Be8 62.
Rb8 h4 63. Kg5 g3 64. hxg3 hxg3 65. Rb3 g2 66. Rg3 Bc6 67. Kf6 Be4 68. Ke5 Bf3 69. Kf4 Bc6 70. Ke5 Kf7 71. Kf4 Bd5 72. Ke3 Kf6 73. Kf4 Bc6 74. Rg6+ Kf7 75. Rg5 Bd5 76. Rg6 Bb7 77. Rg3 Bc6 78. Rg5 Bd5 79. Rg3 Bc6 80. Rg5 1/2-1/2

[Event "Late-Titled-Tuesday-Blitz-June-25-2024"]
[Site "Chess.com"]
[Date "2024.06.25"]
[Round "3"]
[White "NailBashirli"]
[Black "TokChess"]
[Result "0-1"]
[WhiteElo "2753"]
[BlackElo "2517"]
[TimeControl "180+1"]
[EndTime "14:28:50 PDT"]
[Termination "TokChess won by resignation"]

1. e4 d6 2. d4 Nf6 3. Nc3 Nbd7 4. Nf3 e5 5. Bc4 Be7 6. O-O O-O 7. a4 a6 8. a5 c6 9. Re1 Qc7 10. h3 h6 11. Nh4 exd4 12. Qxd4 Ne5 13. Bb3 c5 14. Qd1 c4 15. Ba2 Be6 16. Bf4 Rfe8 17. Nf5 Bxf5 18.
exf5 Rac8 19. Nd5 Nxd5 20. Qxd5 Qc5 21. Qxb7 Rb8 22. Qxa6 Rxb2 23. Bxe5 Bh4 24. Bd4 Rxe1+ 25. Rxe1 Qxd4 26. Qa8+ Kh7 27. Rf1 Rxa2 28. a6 Bxf2+ 29.
Kh1 Qb6 30. f6 gxf6 31. Qe4+ Kg7 32. Qg4+ Kf8 33. Qc8+ Ke7 34. Qxc4 Rxa6 35. Rxf2 Ra1+ 36. Rf1 Rxf1+ 37. Qxf1 Qe3 38. c4 h5 39. Qa1 h4 40.
Qb1 Ke6 41. Qf1 f5 42. Qd1 Qe4 43. Qc1 f6 44. Kh2 Kd7 45. Qc3 Qe5+ 46. Qxe5 fxe5 47.
Kg1 Ke6 48. Kf2 d5 49. c5 f4 50. Kf3 Kd7 51. Kg4 d4 52. Kxh4 d3 53. g4 d2 54. g5 d1=Q 55. g6 Qe1+ 56. Kg5 Qg3+ 57. Kf6 Qxh3 58. Kxe5 f3 59. g7 Qe6+ 60. Kf4 Qf7+ 61.
Ke3 Qxg7 62. Kf2 Qf6 63. Ke3 Kc6 64. Ke4 f2 65. Kd3 f1=Q+ 66. Kd2 Q1f2+ 0-1

[Event "Late-Titled-Tuesday-Blitz-June-25-2024"]
[Site "Chess.com"]
[Date "2024.06.25"]
[Round "3"]
[White "miraitrunks"]
[Black "CoachVadim"]
[Result "0-1"]
[WhiteElo "2066"]
[BlackElo "2405"]
[TimeControl "180+1"]
[EndTime "14:28:53 PDT"]
[Termination "CoachVadim won on time"]

1. e4 c5 2. Nf3 d6 3. d4 cxd4 4. Nxd4 Nf6 5. Nc3 a6 6. f3 e5 7. Nb3 Be7 8. Be3 O-O 9. Qd2 Be6 10. O-O-O b5 11. g4 Nbd7 12. h4 b4 13. Nd5 Bxd5 14. exd5 a5 15. Qd3 a4 16. Nd2 Nb6 17. g5 Nfxd5 18.
Bxb6 Nxb6 19. h5 Bxg5 20. Rg1 Qf6 21. Kb1 Bxd2 22. Rxd2 d5 23. Rdg2 Rfb8 24. Rxg7+ Qxg7 25. Rxg7+ Kxg7 26. h6+ Kxh6 27. Qf5 Kg7 28. Qg5+ Kf8 29. Qxe5 b3 30. cxb3 axb3 31. a3 Re8 32. Qh8+ Ke7 33. Qe5+ Kd8 34. Qd6+ Nd7 35. Qg3 Rc8 36. Bb5 Rc2 37. Bxd7 Kxd7 38. Qg4+ Kc7 39. Qf4+ Kc6 40. Qa4+ Kd6 41. Qxb3 Ree2 42. Qb6+ Ke5 43. Qb8+ Kd4 44. Qb4+ Kd3 45. Qb3+ Kd4 46. Qb4+ Ke5 47. f4+ Kf5 48. a4 Rxb2+ 49. Qxb2 Rxb2+ 50. Kxb2 h5 51. a5 h4 52. a6 h3 53. a7 h2 54. a8=Q h1=Q 55. Qc8+ Kxf4 56. Qc7+ Ke3 57. Qe5+ Qe4 58. Qg3+ Qf3 59. Qe5+ Kd3 60. Qb8 Qe2+ 0-1

[Event "Late-Titled-Tuesday-Blitz-June-25-2024"]
[Site "Chess.com"]
[Date "2024.06.25"]
[Round "3"]
[White "Zq1"]
[Black "jinxy2009"]
[Result "1/2-1/2"]
[WhiteElo "2487"]
[BlackElo "2253"]
[TimeControl "180+1"]
[EndTime "14:28:56 PDT"]
[Termination "Game drawn - insufficient material"]

1. Nf3 d5 2. c4 c6 3. e3 Nf6 4. b3 e6 5. Nc3 Nbd7 6. Be2 Bd6 7.
d4 O-O 8. O-O Qe7 9. Qc2 dxc4 10.
bxc4 e5 11. c5 Bc7 12. a4 exd4 13. exd4 Nd5 14. Nxd5 cxd5 15. Ba3 Qf6 16. c6 bxc6 17.
Bxf8 Nxf8 18. Rac1 Bd7 19. Rfe1 Ng6 20. g3 h5 21. h4 Ba5 22. Red1 Re8 23. Ng5 Bb6 24. Bxh5 Bxd4 25. Nxf7 Qxf7 26. Bxg6 Bxf2+ 27. Qxf2 Qxg6 28. Qf4 Rf8 29. Qg5 Qxg5 30. hxg5 Rf3 31. Kg2 Ra3 32. Rd4 Kf7 33. Re1 Kg6 34. Re7 Bf5 35. Rc7 Kxg5 36.
Rxc6 Be4+ 37. Kf2 Kg4 38. Rc7 g5 39. Rxa7 Ra2+ 40. Ke3 Kxg3 41. a5 g4 42. a6 Ra3+ 43.
Kd2 Kf2 44. Rf7+ Kg2 45. a7 g3 46. Rb4 Kg1 47. Rb8 d4 48. Rb4 g2 49. Rxd4 Ba8 50.
Rdf4 Kh2 51. Rh4+ Kg1 52. Rhh7 Ra2+ 53. Ke3 Ra3+ 54. Kd4 Bf3 55. Kc5 Kf2 56. Rhg7 g1=Q 57. Rxg1 Kxg1 58. Rxf3 Rxa7 59. Rf6 Rg7 60. Rb6 Rg2 61. Kb4 Kf2 62. Kb5 Rg5+ 63. Ka6 Rg3 64. Ka7 Rf3 65. Rc6 Ra3+ 66. Kb7 Rf3 67. Kc7 Kg3 68. Kb7 Rf7+ 69. Kb6 Rf4 70. Kb7 Kf3 71. Kb6 Rb4+ 72. Kc7 Re4 73. Kb6 Kf4 74. Kb7 Re7+ 75.
Rc7 Re5 76. Rc6 Ke4 77. Rh6 Rb5+ 78. Kc6 Rf5 79. Kc7 Ke5 80. Kb7 Rf6 81. Rxf6 Kxf6 1/2-1/2

[Event "Late-Titled-Tuesday-Blitz-June-25-2024"]
[Site "Chess.com"]
[Date "2024.06.25"]
[Round "3"]
[White "Zurability"]
[Black "mishanick"]
[Result "0-1"]
[WhiteElo "2769"]
[BlackElo "3166"]
[TimeControl "180+1"]
[EndTime "14:28:57 PDT"]
[Termination "mishanick won on time"]

1. e4 c5 2. Nf3 e6 3. d3 Nc6 4. g3 g6 5. Bg2 Bg7 6. O-O Nge7 7. Nc3 d5 8. Bf4 d4 9. Ne2 e5 10. Bd2 O-O 11. h3 f5 12. exf5 gxf5 13. Nh2 Be6 14. f4 Bd5 15. fxe5 Bxg2 16. Kxg2 Qd5+ 17. Nf3 Nxe5 18. Nf4 Qc6 19. Kh2 N7g6 20. Nh5 Rae8 21. Nxg7 Nxf3+ 22. Rxf3 Kxg7 23. Rf2 Re5 24. Qh1 Qxh1+ 25. Rxh1 Rfe8 26. Kg2 Re2 27. Kf3 Rxf2+ 28. Kxf2 h5 29. Rb1 b5 30. Bg5 Kf7 31. Rc1 c4 32. Rd1 cxd3 33. Rxd3 Rc8 34. Rxd4 Rxc2+ 35. Rd2 Rxd2+ 36.
Bxd2 Ke6 37. Ke3 Kd5 38. Bc3 Kc4 39. Bf6 a5 40. Bc3 b4 41. Bf6 a4 42. Bg7 b3 43. a3 Ne7 44. Kf4 Kd3 45. Kg5 h4 46.
gxh4 Ke4 47. h5 f4 48. h6 f3 49. h7 f2 50. h8=Q f1=Q 51. Qa8+ Ke3 52. Qa7+ Kd2 53. Qxe7 Kc1 54. Qe4 Qxh3 55. Bc3 Qd3 56. Qe1+ Kc2 57. Qh4 Qd8+ 58. Kh5 Qe8+ 59. Kg4 Qe4+ 60. Kh3 Qh1+ 61. Kg3 Qg1+ 62. Kf3 Qd1+ 63. Ke4 Qd3+ 64. Ke5 Qb5+ 65. Kf6 Qc6+ 66. Kg7 Qd7+ 67. Kh6 Qe6+ 68. Qf6 Qh3+ 69. Kg6 Qg4+ 70. Qg5 Qe6+ 71. Bf6 Qg8+ 72. Kf5 Qd5+ 73. Kf4 Qd2+ 74. Kg3 Qxg5+ 75. Bxg5 Kxb2 76. Kf3 Kxa3 77. Bf6 b2 0-1

[Event "Late-Titled-Tuesday-Blitz-June-25-2024"]
[Site "Chess.com"]
[Date "2024.06.25"]
[Round "3"]
[White "Fore_Man"]
[Black "Yurovskykh_Oleksandr"]
[Result "0-1"]
[WhiteElo "2201"]
[BlackElo "2620"]
[TimeControl "180+1"]
[EndTime "14:28:57 PDT"]
[Termination "Yurovskykh_Oleksandr won by resignation"]

1. Nf3 d5 2. g3 Bg4 3. Bg2 Nd7 4. d4 e6 5. Nbd2 Ngf6 6. c3 Be7 7. O-O O-O 8. Re1 c6 9. Qc2 Bf5 10. Qd1 Ne4 11.
Nxe4 Bxe4 12. Nd2 Bxg2 13. Kxg2 c5 14. e3 Qc7 15. Qe2 Nf6 16. e4 cxd4 17. cxd4 dxe4 18. Nxe4 Qc6 19. Qf3 Nxe4 20. Qxe4 Qxe4+ 21. Rxe4 Rfd8 22.
Bd2 Rac8 23. Bc3 Bf6 24. Kf3 Rd5 25. Ke3 h5 26. f4 g6 27. Kd3 Kg7 28. h3 a6 29.
Rae1 Rcd8 30. R1e2 g5 31. fxg5 Rxg5 32. g4 hxg4 33.
hxg4 Rgd5 34. Kc4 Rc8+ 35. Kd3 Rh8 36. a3 Rh3+ 37. R2e3 Rxe3+ 38. Kxe3 Bg5+ 39. Kf3 Kf6 40. Re2 Bc1 41. Ke4 Kg6 42. Kd3 Bh6 43. Ke4 Bg7 44. Rg2 Bf6 45. Rd2 Bh8 46. Rh2 Bg7 47. Rf2 Rg5 48. Kf3 Rd5 49. Ke4 Bf8 50. Rh2 Bh6 51.
Rf2 Bg7 52. Rh2 Rb5 53. Rf2 Rd5 54. Rh2 Bf6 55. Rf2 Kg7 56. Rh2 Bg5 57. Rh5 Kg6 58. Rh8 Bf6 59. Rb8 Rd7 60. a4 Be7 61. Rc8 Bd6 62. Kf3 Kh7 63. Ke4 f6 64. Kf3 Kg7 65. Re8 Kf7 66. Rh8 Bf8 67. Rh1 Bg7 68. Ke4 Kg6 69.
Rf1 Rd5 70. Kf3 b5 71. axb5 axb5 72. Re1 Kf7 73. Kf4 Bf8 74. Re4 b4 75. Bxb4 Bxb4 76.
Re2 Bd6+ 77. Kf3 Rxd4 0-1

[Event "Late-Titled-Tuesday-Blitz-June-25-2024"]
[Site "Chess.com"]
[Date "2024.06.25"]
[Round "3"]
[White "vanyakuba"]
[Black "dennisodessa"]
[Result "0-1"]
[WhiteElo "2461"]
[BlackElo "2661"]
[TimeControl "180+1"]
[EndTime "14:28:58 PDT"]
[Termination "dennisodessa won by resignation"]

1. e4 e6 2. d4 d5 3. exd5 exd5 4.
Nf3 Bd6 5. c4 Nf6 6. Bd3 dxc4 7.
Bxc4 O-O 8. O-O Nbd7 9. Nc3 Nb6 10. Bb3 Re8 11. h3 Be6 12. Bg5 Bxb3 13. Qxb3 c6 14. Rfe1 Be7 15. Rad1 h6 16. Bh4 Rb8 17. Bg3 Bd6 18.
Ne5 Nbd5 19. Re2 Re7 20. Rde1 Qc7 21. Qc2 Rbe8 22. Qf5 Qa5 23. Nc4 Nxc3 24. Qxa5 Nxe2+ 25. Rxe2 Rxe2 26. Nxd6 R8e7 27. Nf5 Rd7 28. Ne3 Ne4 29. Qxa7 Nxg3 30. Qb8+ Kh7 31. Qxg3 Rxb2 32. Qf3 g6 33. Qf6 Rd2 34. Ng4 R2xd4 35. Ne5 R4d6 36. Qf4 Re7 37. Nf3 Rde6 38. Kh2 Kg7 39. g4 b5 40. h4 Kh7 41.
g5 h5 42. Kg3 Kg7 43. Qd4+ Kh7 44. Qc3 Kg8 45. Nd4 Rd6 46. Nf3 Rde6 47. Qc5 Kh7 48.
a3 Kg8 49. Qc3 Kh7 50. Qb4 Kg8 51. Qd4 Kh7 52. Qb6 Kg8 53. Qd8+ Re8 54. Qd3 R8e7 55. Qc2 Rd7 56. Qb2 Rd3 57. Kg2 Re4 58. Qc2 Rg4+ 59. Kf1 Rxf3 60. Qxc6 Rf5 61. Qc8+ Kh7 62. Qc3 Rgf4 63.
Qe3 Rxf2+ 64. Qxf2 Rxf2+ 65. Kxf2 Kg7 66. Ke3 f6 67.
gxf6+ Kxf6 68. Kf4 g5+ 69. hxg5+ Kg6 70. Kf3 Kxg5 71. Kg3 Kf5 72. Kh4 Ke5 73. Kxh5 Kd4 74. Kg4 Kc4 75. Kf3 Kb3 76. Ke2 Kxa3 77. Kd1 b4 78.
Kc1 Ka2 0-1

[Event "Late-Titled-Tuesday-Blitz-June-25-2024"]
[Site "Chess.com"]
[Date "2024.06.25"]
[Round "3"]
[White "SchmakAttack"]
[Black "Nf3c5"]
[Result "1/2-1/2"]
[WhiteElo "2867"]
[BlackElo "2637"]
[TimeControl "180+1"]
[EndTime "14:28:59 PDT"]
[Termination "Game drawn by repetition"]

1. e4 c5 2. Nf3 Nc6 3. d4 cxd4 4. Nxd4 e5 5. Nb5 d6 6. N1c3 a6 7. Na3 Be6 8. Be3 b5 9. Nd5 Rb8 10. c4 b4 11. Nc2 Nf6 12. Bd3 Be7 13. a3 bxa3 14. Rxa3 a5 15. b3 O-O 16. O-O Nd7 17. Qd2 h6 18. g3 Nc5 19. Bxc5 dxc5 20. f4 f5 21. exf5 Bxf5 22. Bxf5 Rxf5 23. Nxe7+ Nxe7 24. Qxd8+ Rxd8 25. Ne3 Rf7 26. fxe5 Nc6 27. Nd5 Rxf1+ 28.
Kxf1 Re8 29. Ra2 Rxe5 30. Kf2 Kf7 31. h4 g5 32. hxg5 hxg5 33. Ne3 Ke6 34. g4 Re4 35. Kf3 Rf4+ 36. Kg3 Nd4 37. Rxa5 Rf3+ 38. Kg2 Rxe3 39. Rxc5 Kf6 40. b4 Rb3 41. b5 Ne6 42. Rf5+ Kg6 43.
Re5 Nf4+ 44. Kh1 Nd3 45. Re6+ Kf7 46. Rd6 Nf2+ 47. Kg2 Nxg4 48. b6 Ne5 49. c5 g4 50.
Rd8 Rb5 51. Rc8 Ke6 52. Rc7 Kd5 53. Kg3 Rb3+ 54. Kf4 g3 55. Rg7 Rf3+ 56. Kg5 g2 57.
Kh4 Rb3 58. Rxg2 Kxc5 59. Re2 Nf3+ 60. Kg4 Nd4 61. Rd2 Rxb6 62. Kf4 Re6 63. Rd1 Kd5 64. Rb1 Re4+ 65. Kg3 Re8 66. Rd1 Rf8 67. Rb1 Ne2+ 68. Kg4 Ke4 69. Rb4+ Nd4 70. Kg5 Rf1 71. Ra4 Ke5 72.
Ra5+ Ke4 73. Ra4 Rf5+ 74. Kg4 Rf1 75. Kg5 1/2-1/2

[Event "Late-Titled-Tuesday-Blitz-June-25-2024"]
[Site "Chess.com"]
[Date "2024.06.25"]
[Round "3"]
[White "Cxrjs"]
[Black "guineo59"]
[Result "1/2-1/2"]
[WhiteElo "2521"]
[BlackElo "2212"]
[TimeControl "180+1"]
[EndTime "14:29:01 PDT"]
[Termination "Game drawn - insufficient material"]

1. e4 e6 2. d4 d5 3. Nc3 Bb4 4. e5 c5 5. a3 Bxc3+ 6. bxc3 Ne7 7. Qg4 Kf8 8. h4 Qa5 9. Bd2 Qa4 10. h5 h6 11. Qf4 Qxc2 12. dxc5 Nbc6 13. Nf3 Qe4+ 14.
Be2 b6 15. cxb6 axb6 16. Rh4 Qxf4 17. Rxf4 Ba6 18. c4 Ke8 19. Rb1 Bxc4 20. Bxc4 dxc4 21.
Rxc4 Kd7 22. Rxb6 Rhb8 23. Rxb8 Rxb8 24. Rf4 Rb1+ 25. Ke2 Ke8 26. Rg4 Nf5 27. Rc4 Kd7 28. g4 Nfe7 29. a4 Ra1 30. Bc3 Ra2+ 31. Kf1 Nd5 32.
Bd4 Ra3 33. Nd2 Rd3 34. Ne4 Rxd4 35. Nc5+ Kc7 36. Rc1 Kb6 37. a5+ Kb5 38. a6 Rc4 39. a7 Nxa7 40. Ra1 Nc6 41. Nd7 Rxg4 42. Rb1+ Ncb4 43.
Rc1 Rg5 44. Rc5+ Ka6 45. Rc8 Rxh5 46. Rf8 f6 47. exf6 Nxf6 48. Nxf6 gxf6 49. Rxf6 Kb5 50.
Rxe6 Nd5 51. Rd6 Kc5 52. Rd8 Kd4 53. Ke2 Re5+ 54. Kd2 h5 55. Kc2 Rf5 56. f3 Rxf3 57. Rh8 Rf2+ 58. Kd1 Rf5 59. Ke2 Re5+ 60. Kf3 Rf5+ 61. Kg3 Ne3 62. Kh4 Ng2+ 63. Kg3 Ne1 64. Kh4 Nf3+ 65. Kg3 Ke4 66. Re8+ Ne5 67. Rh8 Rf3+ 68.
Kh4 Rf5 69. Rxh5 Nf3+ 70. Kg4 Ne5+ 71. Kh4 Ng6+ 72. Kg4 Rxh5 73. Kxh5 1/2-1/2

[Event "Late-Titled-Tuesday-Blitz-June-25-2024"]
[Site "Chess.com"]
[Date "2024.06.25"]
[Round "3"]
[White "gabduschew"]
[Black "jens1102"]
[Result "1/2-1/2"]
[WhiteElo "2399"]
[BlackElo "2602"]
[TimeControl "180+1"]
[EndTime "14:29:02 PDT"]
[Termination "Game drawn by repetition"]

1. e4 c6 2. d4 d5 3. Nc3 dxe4 4. Nxe4 Bf5 5. Ng3 Bg6 6. c3 e6 7.
h4 h6 8. Nh3 Bd6 9. Nf4 Bh7 10.
Nfh5 g6 11. Nf4 Qc7 12. Qf3 Ne7 13. Ne4 Nd7 14. Nd3 e5 15. Bxh6 Nf5 16. Bg5 exd4 17. g4 Ng7 18. cxd4 Ne6 19. O-O-O O-O 20. Nf6+ Nxf6 21.
Bxf6 c5 22. d5 Nd4 23. Bxd4 cxd4+ 24. Kb1 Rac8 25. Rc1 Qd7 26. Be2 Rfe8 27. g5 Qf5 28. Qxf5 gxf5 29. Bh5 f4 30. Rcd1 a5 31. Bg4 Be4 32.
Bxc8 Bxh1 33. Bf5 Bxd5 34. h5 Re2 35. g6 fxg6 36. hxg6 Kg7 37. a3 f3 38. Re1 a4 39.
Rxe2 fxe2 40. Kc1 Bb3 41. Kd2 Bd1 42. Ne1 Bf4+ 43. Kd3 Kf6 44. Be4 Be5 45. Bf3 Kxg6 46. Bxe2 Bb3 47. Bf3 Kf6 48. Bxb7 Bf4 49. Nf3 Be5 50.
Nxd4 Bd1 51. f3 Kg7 52. Be4 Kf6 53. Nc6 Bxb2 54. Nb4 Bxa3 55. Nc2 Bc5 56. Kd2 Bxc2 57. Kxc2 a3 58. Kb3 Ke5 59. Ka2 Kf4 60. Kb3 Bd6 61. Ka2 Be7 62. Kb3 Ke3 63. Ka2 Bd6 64.
Kb3 Kd4 65. Ka2 Kc3 66. Bd5 Kb4 67. Be4 Bf4 68. Bd5 Bc1 69. Be4 Bb2 70. Bd5 Bf6 71. Be4 Bb2 72. Bd5 Kc3 73. Be4 Kd4 74. Kb3 Ke3 75. Ka2 Kf4 76. Kb3 Kg3 77. Ka2 Kf2 78. Kb3 Ke3 79. Ka2 Kd2 80. Kb3 Kc1 81. Ka2 Kd1 82.
Bd5 Kd2 83. Be4 Kc3 84. Bb7 Kd4 85. Be4 Kc5 86. Ba8 Kb5 87. Be4 Kb4 1/2-1/2

[Event "Late-Titled-Tuesday-Blitz-June-25-2024"]
[Site "Chess.com"]
[Date "2024.06.25"]
[Round "3"]
[White "WPWPWP-2015"]
[Black "AlexKhripachenko"]
[Result "1/2-1/2"]
[WhiteElo "2558"]
[BlackElo "2814"]
[TimeControl "180+1"]
[EndTime "14:29:08 PDT"]
[Termination "Game drawn by repetition"]

1. e4 c5 2. Nf3 e6 3. b3 Nc6 4. Bb5 Nge7 5. Bb2 a6 6. Bxc6 Nxc6 7. O-O d5 8. exd5 Qxd5 9. Nc3 Qh5 10. Re1 Be7 11. Ne4 O-O 12. Ng3 Qd5 13. h3 b5 14.
d3 Bb7 15. Qe2 Rad8 16. Ne4 Rfe8 17. a4 h6 18. axb5 axb5 19. Nc3 Nd4 20. Nxd5 Nxe2+ 21. Rxe2 Bxd5 22. Nd2 Ra8 23. Ree1 Bc6 24. Rxa8 Rxa8 25. Ra1 f6 26. Kf1 Rxa1+ 27. Bxa1 e5 28. f3 Kf7 29. Bc3 Ke6 30. Ke2 f5 31. Bb2 h5 32. c4 b4 33.
Nf1 Bg5 34. Ne3 g6 35. Bc1 e4 36. Bd2 exf3+ 37. gxf3 Bf4 38. Be1 g5 39. Bf2 Bd6 40.
Nc2 g4 41. fxg4 fxg4 42. hxg4 hxg4 43. d4 Bf3+ 44. Kd3 g3 45. Bg1 Bh5 46. dxc5 Bg6+ 47. Kd2 Bf4+ 48. Kd1 Kd7 49. Nxb4 Bh5+ 50. Ke1 Be5 51.
Nd5 Bg6 52. Kd2 Bg7 53. b4 Bh6+ 54. Ne3 Kc6 55. Kc3 Bg7+ 56. Kb3 Bd4 57. Ka4 Bd3 58. Kb3 Be2 59. Ka4 Bxc4 60. Nxc4 Bxg1 61. Ne5+ Kd5 62.
Nf3 Be3 63. Kb5 Ke4 64. Ne1 Bf2 65. Ng2 Kd5 66. c6 Kd6 67. Nh4 Bd4 68. Ng2 Bf2 69. Nf4 Be3 70. Ng2 Bf2 1/2-1/2

[Event "Late-Titled-Tuesday-Blitz-June-25-2024"]
[Site "Chess.com"]
[Date "2024.06.25"]
[Round "3"]
[White "Road2GM3000"]
[Black "Arystanner"]
[Result "0-1"]
[WhiteElo "2504"]
[BlackElo "2808"]
[TimeControl "180+1"]
[EndTime "14:29:13 PDT"]
[Termination "Arystanner won on time"]

1. d4 Nf6 2. c4 g6 3. Nc3 Bg7 4.
e4 d6 5. f4 O-O 6. Nf3 c5 7.
d5 b5 8. cxb5 a6 9. a4 Qa5 10.
Bd2 Qb4 11. Qc2 axb5 12. Bxb5 c4 13. O-O Qc5+ 14. Kh1 Ng4 15. Nd1 Ba6 16. Bxa6 Nxa6 17. h3 Nf6 18. Ne3 Rfc8 19. Rfc1 Nb4 20. Bxb4 Qxe3 21.
e5 Nxd5 22. Bd2 Qf2 23. exd6 exd6 24. f5 Rab8 25. Bc3 Qxc2 26. Rxc2 Bxc3 27. bxc3 Ne3 28. Rd2 Nxf5 29. Nd4 Ng3+ 30. Kh2 Ne4 31. Rc2 Ra8 32.
a5 Ra6 33. Ra4 Rc5 34. Rb4 Raxa5 35. Rb8+ Kg7 36. Rb7 Re5 37. Re2 Rac5 38. Nf3 Re6 39. Nd4 Re8 40. Re3 Rce5 41. Nc6 Rf5 42. Nd4 Rf6 43. Rb4 d5 44. Rb5 Re5 45. Nf3 Ref5 46.
Nd4 Rh5 47. g4 Re5 48. Nf3 Ree6 49. Rxd5 Nd2 50. Rxe6 Nxf3+ 51. Kg3 fxe6 52. Rd7+ Kg8 53. Rd8+ Kf7 54. Rd7+ Ke8 55. Rxh7 Ng5 56. Rc7 Ne4+ 57.
Kh4 Rf3 58. Rxc4 g5+ 59. Kh5 Re3 60. Rc7 Rxh3+ 61. Kg6 Rxc3 62. Ra7 Rc4 63. Rb7 Rc5 64. Ra7 Nf2 65. Kf6 Nxg4+ 66. Kxe6 Re5+ 67. Kd6 Re1 68. Rg7 Nf6 69. Kc6 g4 70. Kc5 Re3 71. Rg6 Rf3 72. Kd4 Kf7 73. Rg5 g3 74. Ke5 Nd7+ 75.
Ke4 Ra3 76. Kf4 Nf6 77. Rxg3 Nh5+ 78. Kg4 Nxg3 0-1

[Event "Late-Titled-Tuesday-Blitz-June-25-2024"]
[Site "Chess.com"]
[Date "2024.06.25"]
[Round "3"]
[White "Javokhir_Sindarov05"]
[Black "Gabrielian_Artur"]
[Result "1/2-1/2"]
[WhiteElo "3064"]
[BlackElo "2735"]
[TimeControl "180+1"]
[EndTime "14:29:21 PDT"]
[Termination "Game drawn - insufficient material"]

1. e4 e5 2. Nf3 Nc6 3. Bc4 Bc5 4.
Nc3 Nf6 5. d3 d6 6. Na4 Bb6 7.
a3 h6 8. O-O O-O 9. h3 Ne7 10.
Nxb6 axb6 11. Re1 Ng6 12. d4 Qe7 13. b3 Be6 14. Bf1 c5 15. c3 Rfd8 16. Bb2 Qc7 17. d5 Bc8 18. a4 Rf8 19. Bc1 Nh7 20. Bd3 f5 21. exf5 Bxf5 22. Bxf5 Rxf5 23. Be3 Raf8 24.
Nd2 Nf4 25. Ne4 Ng5 26. Bxf4 Nxe4 27. Rxe4 Rxf4 28. Rxf4 Rxf4 29. c4 Qf7 30. Qe2 Qf5 31. Re1 Rd4 32. Qa2 Kh7 33. a5 bxa5 34. Qxa5 Rf4 35.
Qd2 Rd4 36. Qa5 Rf4 37. Qa2 h5 38. Re3 h4 39. Qe2 Kh6 40. Qd2 g5 41. Qa2 Rd4 42. Re1 g4 43. hxg4 Rxg4 44. Kf1 h3 45. gxh3 Qd3+ 46. Re2 Qxh3+ 47. Ke1 Qc3+ 48. Qd2+ Qxd2+ 49. Rxd2 Rg1+ 50. Ke2 Rb1 51. Rd3 Kg5 52. Rf3 e4 53.
Rh3 Rb2+ 54. Kf1 Kf4 55. Rh6 Rxb3 56. Rxd6 Rc3 57. Rb6 Rxc4 58. Rxb7 Ke5 59. Rd7 Rd4 60. Ke2 Rxd5 61. Re7+ Kd4 62. Ra7 c4 63. Kd2 Rf5 64.
Rd7+ Ke5 65. Ke2 Rf3 66. Re7+ Kd4 67. Rd7+ Kc3 68. Re7 Rf4 69. Ke3 Rh4 70. Rc7 Kb3 71. Kd4 e3+ 72. Kxe3 Rh8 73. f4 c3 74. f5 Re8+ 75.
Kf4 c2 76. f6 Re1 77. Rxc2 Kxc2 78. Kf5 Kd3 79. f7 Rf1+ 80. Ke6 Kd4 81. Ke7 Kd5 82.
f8=Q Rxf8 83. Kxf8 1/2-1/2

[Event "Late-Titled-Tuesday-Blitz-June-25-2024"]
[Site "Chess.com"]
[Date "2024.06.25"]
[Round "3"]
[White "GMsKoRPioN"]
[Black "Onthequiet"]
[Result "1-0"]
[WhiteElo "2611"]
[BlackElo "2310"]
[TimeControl "180+1"]
[EndTime "14:29:33 PDT"]
[Termination "GMsKoRPioN won by resignation"]

1. d4 d5 2. c4 e6 3. Nf3 Nf6 4. Nc3 Bb4 5. Bg5 Nbd7 6. e3 O-O 7. Qc2 c5 8. cxd5 exd5 9. Bd3 h6 10. Bf4 c4 11. Bf5 Re8 12. O-O Qa5 13. Ne5 Bxc3 14. bxc3 Nxe5 15. Bxc8 Nd3 16. Bxb7 Ne4 17. Bxa8 Rxa8 18.
f3 Nxc3 19. Bg3 Nb5 20. a4 Nc7 21. Rfd1 Ne6 22. Rab1 Re8 23. e4 g5 24. Bf2 Nef4 25. e5 Qc3 26. Qd2 Qa3 27. Be3 Qxa4 28. Bxf4 Nxf4 29.
Ra1 Qb3 30. Rdb1 Qd3 31. Qxd3 cxd3 32. Rxa7 Ne2+ 33. Kf2 Nxd4 34. Rd1 Nc6 35. Rd7 Nb4 36. Rb7 Nc6 37. Rxd3 Rxe5 38. Rd7 Nb4 39. Rd4 Nc6 40. R4xd5 Rxd5 41. Rxd5 Kg7 42. Rd6 Ne7 43. g4 Ng6 44. Ra6 Nh4 45. Ke3 Ng2+ 46. Ke4 Nf4 47. h4 Ng2 48.
hxg5 hxg5 49. Kf5 Nh4+ 50. Ke4 Ng6 51. Rb6 Nh4 52. Rb3 Kh7 53. Rb7 Kg7 54. Ra7 Kg6 55.
Ra6+ Kg7 56. Ra5 Kg6 57. Ra3 Ng2 58. Ra6+ f6 59. Ra8 Nf4 60. Ra5 Ne6 61. Kd5 Nf4+ 62. Kd6 Nd3 63. Ke7 Ne1 64. Rf5 Nc2 65. Rxf6+ Kg7 66. Rf5 Kg6 67. Rf8 Nd4 68. Rg8+ Kh6 69.
Rh8+ Kg6 70. Rh3 Ne2 71. Kd6 Nf4 72. Rh1 Ng2 73. Ke5 Nh4 74. Ke4 Ng2 75. Rh2 Nf4 76. Rc2 Nh3 77. Rc6+ Kf7 78. Kf5 Kg7 79. Rc7+ Kf8 80. Kf6 Ke8 81. Rh7 Kd8 82. Rxh3 1-0

[Event "Late-Titled-Tuesday-Blitz-June-25-2024"]
[Site "Chess.com"]
[Date "2024.06.25"]
[Round "3"]
[White "Dexter_Dyke"]
[Black "FLYD"]
[Result "0-1"]
[WhiteElo "2511"]
[BlackElo "2153"]
[TimeControl "180+1"]
[EndTime "14:29:44 PDT"]
[Termination "FLYD won on time"]

1. e4 e5 2. Nf3 Nf6 3. Nxe5 Nc6 4.
Nxc6 dxc6 5. e5 Ne4 6. Nc3 Qd4 7. Qe2 Bf5 8. f3 Nc5 9. d3 O-O-O 10. Be3 Qxe5 11. d4 Rxd4 12. Bxd4 Qxd4 13. Qe8+ Qd8 14. Qxd8+ Kxd8 15. O-O-O+ Bd6 16. Bc4 f6 17. b4 Nd7 18. a3 b5 19. Bd3 Be6 20. Kb2 Kc8 21.
Rhe1 Bf7 22. Bf5 g6 23. Bxd7+ Kxd7 24. Ne4 f5 25. Nc5+ Kc8 26. Nd3 Kb7 27. f4 Bd5 28. g3 Ra8 29. Nc5+ Kb6 30. Nd7+ Kb7 31. Ne5 a5 32. c3 axb4 33. axb4 Ra2+ 34. Kb1 Rxh2 35.
g4 fxg4 36. Nxg4 Rh4 37. Nf6 Bb3 38. Rxd6 cxd6 39. Re7+ Kb6 40. Nd7+ Kc7 41. Nc5+ Kd8 42. Rd7+ Ke8 43. Rxd6 Bd5 44. f5 gxf5 45. Rf6 f4 46.
Kc1 f3 47. Nd3 Ke7 48. Rf5 h5 49. Kd2 Rh2+ 50. Ke3 Re2+ 51. Kd4 Re4+ 52. Kc5 Rc4+ 53. Kb6 Rxc3 54. Nc5 Rc2 55. Kc7 f2 56. Nd3 Be4 57. Re5+ Kf6 58. Rxe4 f1=Q 59. Rf4+ Qxf4+ 60. Nxf4 h4 61. Kd6 Kg5 62. Ne6+ Kg4 63. Nd4 Rd2 64. Ke5 Rxd4 65.
Kxd4 h3 66. Kc5 h2 67. Kxc6 h1=Q+ 68. Kxb5 Qb7+ 69. Kc5 Kf5 70. b5 Ke6 71. b6 Kd7 72.
Kb5 Kd6 73. Kc4 Qxb6 74. Kd3 Qb4 75. Ke2 Qc3 76. Kf2 Qd3 77. Kg2 Qe3 78. Kf1 Qd2 79.
Kg1 Qe2 80. Kh1 Kd7 81. Kg1 Ke6 82. Kh1 Kf7 83. Kg1 Kg6 84. Kh1 Kg5 85. Kg1 Kh5 86.
Kh1 Kg4 87. Kg1 Kg3 0-1